 Dungeon Crawl Stone Soup version 0.20.0-10-g0535bb4 (webtiles) character file.

383566 Zwobot the Tortoise (level 22, -8/137 HPs)
             Began as a Vine Stalker Assassin on June 5, 2017.
             Was the Champion of Ru.
             Mangled by a death scarab (13 damage)
             ... summoned by a greater mummy
             ... on level 8 of a ziggurat.
             The game lasted 02:52:19 (42968 turns).

Zwobot the Tortoise (Vine Stalker Assassin)        Turns: 42968, Time: 02:52:21

Health: -8/137     AC: 35    Str: 30    XL:     22   Next: 94%
Magic:  0/34       EV: 17    Int:  9    God:    Ru [******]
Gold:   1694       SH:  0    Dex: 18    Spells: 9/35 levels left

rFire    + . .     SeeInvis .   I - +4 dagger (elec)
rCold    + . .     Gourm    .   (shield unavailable)
rNeg     + + +     Faith    .   K - +0 gold dragon scales
rPois    +         Spirit   +   y - +2 helmet
rElec    .         Reflect  .   j - +2 cloak {rPois}
rCorr    .         Harm     .   s - +2 pair of gloves {Str+3}
MR       +++..                  Q - +2 pair of boots {Stlth+}
Stlth    ..........             u - amulet of regeneration
Regen    1.6/turn               (ring unavailable)
MPRegen  0.3/turn               S - ring "Ukkutats" {*Corrode rPois rN+++ EV+5}

@: mighty, exhausted, no scrolls, hasted and slowed, studying Fire Magic,
drained
A: fangs 3, dopey 1, magic resistance 1, regeneration 2, robust 1, magic shield,
antimagic bite, no potion heal 3, rot immunity, subdued magic 1, inability to
read while threatened, missing a hand, hated by all, missing an eye, sturdy
frame 1
}: 2/15 runes: barnacled, gossamer
a: Draw Out Power, Power Leap, Apocalypse, Renounce Religion


You were on level 8 of a ziggurat.
You worshipped Ru.
Ru was exalted by your worship.
You were not hungry.

You visited 9 branches of the dungeon, and saw 40 of its levels.
You visited 1 ziggurat, and saw 8 of its levels.
You also visited: Ossuary.

You collected 4464 gold pieces.
You spent 2770 gold pieces at shops.

Inventory:

Hand Weapons
 a - a +6 demon blade of pain
 b - a +1 falchion of electrocution
 I - a +4 dagger of electrocution (weapon)
Missiles
 x - 20 poisoned javelins (quivered)
 R - 3 throwing nets
 W - 16 javelins of penetration
Armour
 j - a +2 cloak of poison resistance (worn)
 s - a +2 pair of gloves of strength (worn)
 y - a +2 helmet (worn)
 J - the cursed +0 shadow dragon scales of Beyond {MR+ rCorr Int+3 Stlth++++}
   (You found it on level 2 of the Depths)

   It affects your intelligence (+3).
   It affects your resistance to hostile enchantments.
   It protects you from acid and corrosion.
   It makes you much more stealthy.
   It has a curse placed upon it.
 K - +0 gold dragon scales (worn)
 Q - a +2 pair of boots of stealth (worn)
Jewellery
 o - a +4 ring of evasion
 u - an amulet of regeneration (around neck)
 O - the ring of the Monkey {rCorr +Inv rPois rN+}
   (You bought it in a shop on level 3 of the Vaults)

   [ring of resist corrosion]

   It protects you from poison.
   It protects you from negative energy.
   It lets you turn invisible.
 S - the ring "Ukkutats" (right hand) {*Corrode rPois rN+++ EV+5}
   (You found it on level 7 of a ziggurat)

   [ring of evasion]

   It affects your evasion (+5).
   It protects you from poison.
   It renders you almost immune to negative energy.
   It may corrode you when you take damage.
 X - an uncursed ring of flight
Wands
 f - a wand of paralysis (3/24)
 g - a wand of scattershot (4/9)
 h - a wand of confusion (25/48)
 v - a wand of iceblast (5/15)
 M - a wand of digging (8/24)
 Y - a wand of acid (1/15)
Scrolls
 e - a scroll of identify
 r - 4 scrolls of enchant armour
 w - 4 scrolls of magic mapping
 A - 2 scrolls of recharging
 C - 16 scrolls of teleportation
 D - 6 scrolls of blinking
 F - 12 scrolls of remove curse
 G - 3 scrolls of silence
 T - a scroll of vulnerability
 U - 2 scrolls of brand weapon
 V - 7 scrolls of fog
 Z - a scroll of holy word
Potions
 c - 13 potions of curing
 i - 4 potions of invisibility
 k - a potion of cancellation
 m - 10 potions of agility
 p - a potion of berserk rage
 q - 6 potions of mutation
 t - 2 potions of resistance
 z - 6 potions of ambrosia
 B - 2 potions of might
 E - 8 potions of haste
 H - 2 potions of flight
 L - a potion of brilliance
Books
 d - a manual of Fire Magic
Comestibles
 l - 14 meat rations
 n - 22 fruits
 P - 6 bread rations


   Skills:
 - Level 16.4(15.8) Fighting
 - Level 10.0(13.1) Short Blades
 - Level 15.2(15.5) Long Blades
 - Level 7.0(6.5) Throwing
 - Level 16.5(15.8) Armour
 - Level 9.1(8.5) Dodging
 - Level 4.8(4.3) Stealth
 + Level 7.3(6.8) Spellcasting
 - Level 7.1(6.5) Charms
 - Level 14.6(14.0) Necromancy
 + Level 5.6(5.1) Translocations
 - Level 7.1(6.6) Evocations


You had 9 spell levels left.
You knew the following spells:

 Your Spells              Type           Power        Failure   Level  Hunger
a - Blink                 Tloc           N/A          30%         2    ##.....
b - Passwall              Tmut/Erth      #.........   95%         2    ##.....
c - Apportation           Tloc           #.....       21%         1    None
d - Lesser Beckoning      Tloc           #.........   52%         3    ###....
e - Regeneration          Chrm/Necr      ###.......   7%          3    ###....
f - Vampiric Draining     Necr           ###.......   1%          3    ###....
g - Controlled Blink      Tloc           N/A          100%        8    #######
h - Passage of Golubria   Tloc           N/A          91%         4    ####...


Dungeon Overview and Level Annotations

Branches:
Dungeon (15/15)            Temple (1/1) D:7            Lair (5/6) D:11
 Shoals (4/4) Lair:4       Spider (4/4) Lair:2          Orc (2/2) D:10
    Elf (2/3) Orc:2        Vaults (4/5) D:14          Crypt (0/3) Vaults:3
 Depths (3/5) D:15
  Slime: Lair:5-6

Altars:
Cheibriados
Dithmenos
Elyvilon
Fedhas
Gozag
Hepliaklqana
Kikubaaqudgha
Makhleb
Nemelex Xobeh
Qazlal
Ru
Sif Muna
Trog
Vehumet
Xom
Yredelemnul
Zin
The Shining One

Shops:
D:4 ?   D:13 :?=   Orc:1 }   Orc:2 :(?   Elf:1 ?   Elf:2 }   Shoals:1 %
Shoals:2 :   Vaults:1 [[   Vaults:3 ([=%?   Depths:1 [

Portals:
Hell: Depths:1 Depths:2
Abyss: Depths:1
Pandemonium: Orc:2 Depths:3
Trove: Elf:2 (give +5 ice dragon scales)

Annotations:
Elf:2 3 runed doors
Depths:3 2 runed doors


Innate Abilities, Weirdness & Mutations

You have razor-sharp teeth.
You are dopey. (Int -2)
You heal very quickly.
When hurt, damage is shared between your health and your magic reserves.
Your bite disrupts and absorbs the magic of your enemies.
Potions cannot restore your health.
You are immune to rotting.
You cannot read scrolls while threatened.
You are missing a hand.
You are hated by all.
You are missing an eye, making it more difficult to aim.
You are resistant to hostile enchantments. (MR+)
You are robust. (+10% HP)
Your spells are a little easier to cast, but a little less powerful.
Your movements are slightly less encumbered by armour. (ER -2)


Message History

You feel as though you will be slow longer.
The spectral caustic shrike claws you but does no damage.
The death scarab closely misses you.
The death scarab bites you but does no damage.
The death scarab barely misses you.
The death scarab bites you but does no damage.
The death scarab bites you!
* * * LOW HITPOINT WARNING * * *
The death scarab drains your vigour!
You feel as though you will be slow longer.
The spectral caustic shrike claws you but does no damage.
The death scarab bites you but does no damage.
The phantasmal warrior begins to attack, but is stunned by your will!
You closely miss the death scarab. Your bite misses the death scarab.
The death scarab closely misses you. The death scarab barely misses you.
The spectral caustic shrike claws you.
* * * LOW HITPOINT WARNING * * *
The greater mummy gestures wildly while chanting.
The death scarab bites you!!
You die...

▓▓▓▓▓▓▓▓▓▓▓
▓▓W.WV.....▓▓
▓▓.WMZnM.....▓▓
▓▓)z.MMsMs.....▓▓
▓▓∩)!....#sZs....▓▓
▓?>}M..M###@....∩.▓
▓▓∩|).Z.§#ss.....▓▓
▓▓%|MssW.s.....▓▓
▓▓Z..........▓▓
▓▓.........▓▓
▓▓▓▓▓▓▓▓▓▓▓


You could see 2 greater mummies, 2 emperor scorpions, a jiangshi, a phantasmal
warrior, a freezing wraith, a spectral caustic shrike, a wraith, 5 death
scarabs, a necrophage, a mummy and a stone giant skeleton.

Vanquished Creatures
  An ancient lich (Zig:6)
  4 juggernauts (Depths:2)
  Mara (Spider:4)
  A greater mummy (Zig:8)
  Nikola (Shoals:4)
  Arachne (Spider:3)
  2 tentacled monstrosities
  A titan (Vaults:4)
  Asterion (Elf:1)
  2 liches
  An acid blob (Zig:3)
  A pandemonium lord (Zig:1)
  Gastronok (Lair:1)
  A shadow dragon (Depths:2)
  An ancient champion (Depths:1)
  A revenant (Zig:6)
  3 fire giants
  3 ghost moths (Spider:4)
  9 vault wardens
  2 frost giants
  2 balrugs (Depths:3)
  Aizul (Spider:3)
  2 curse skulls (Zig:6)
  8 emperor scorpions
  Louise (Elf:1)
  2 spriggan defenders (Depths:3)
  13 ironheart preservers
  3 vampire knights
  8 stone giants
  10 very ugly things (Depths:1)
  4 entropy weavers
  3 deep elf demonologists
  3 spark wasps
  4 merfolk javelineers (Shoals:4)
  A deep elf death mage (Vaults:3)
  8 ettins
  2 green deaths (Depths:3)
  2 crystal guardians (Vaults:4)
  4 fire dragons
  5 yaktaur captains
  6 great orbs of eyes
  2 rakshasas
  8 vault guards
  6 merfolk impalers
  Harold (Lair:1)
  A deep elf high priest (Zig:7)
  A ghost crab (Zig:4)
  8 ice dragons
  A hell beast (Depths:1)
  A naga warrior (Zig:5)
  3 spriggan air magi
  2 death knights
  A two-headed ogre (shapeshifter) (Vaults:4)
  2 hydras
  3 merfolk aquamancers
  11 ogre magi
  A satyr (Shoals:2)
  A catoblepas (Lair:4)
  2 alligator snapping turtles
  9 centaur warriors
  4 dancing weapons
  A merfolk avatar (Shoals:2)
  A death scarab (Zig:8)
  30 two-headed ogres
  A death yak (Lair:4)
  3 tengu warriors
  9 deep troll shamans
  5 deep troll earth magi
  A vampire mage (Depths:3)
  A spriggan berserker (Depths:3)
  8 orc high priests (Orc:2)
  Urug (Lair:3)
  2 naga sharpshooters (Zig:5)
  A soul eater (Depths:2)
  A shadow wraith (Vaults:2)
  13 hell knights
  10 deep elf knights
  2 sun demons
  Nergalle (Lair:2)
  2 sixfirhies (Orc:2)
  A flayed ghost (Depths:2)
  A salamander mystic (Zig:5)
  4 iron trolls
  An unseen horror (shapeshifter) (Vaults:2)
  18 deep trolls
  4 sea snakes
  2 unseen horrors
  8 skeletal warriors
  A fire crab (shapeshifter) (Vaults:2)
  2 gelid demonspawn (Orc:2)
  2 infernal demonspawn (Orc:2)
  A harpy (shapeshifter) (Vaults:4)
  7 wizards
  A naga ritualist (Zig:5)
  4 glowing orange brains
  7 necromancers
  9 orc sorcerers
  6 ironbrand convokers
  19 harpies
  A golden dragon skeleton (Depths:2)
  15 orb spiders
  10 deep elf archers
  2 phantasmal warriors
  21 orc knights
  8 cyclopes
  2 fire giant zombies (Vaults:4)
  23 wolf spiders
  2 oklob plants (Shoals:4)
  45 ugly things
  34 deep elf magi
  A shining eye (Zig:3)
  A sphinx zombie (Vaults:4)
  18 fauns
  A salamander (Depths:2)
  6 elephants (Lair:5)
  4 manticores
  2 frost giant zombies
  8 black mambas
  A rust devil (Depths:3)
  A moth of wrath (shapeshifter) (Depths:1)
  A water nymph (Shoals:3)
  4 merfolk sirens
  2 black mambas (shapeshifter) (Vaults:4)
  A stone giant skeleton (Vaults:4)
  5 vault sentinels
  A guardian serpent (Zig:5)
  A naga mage (Zig:5)
  3 orange demons (Depths:3)
  10 spiny frogs
  2 rime drakes
  6 komodo dragons
  45 yaktaurs
  7 freezing wraiths
  4 kobold demonologists (Depths:3)
  A spriggan zombie (Depths:2)
  5 hellwings
  An ice devil (Orc:2)
  A redback zombie (D:15)
  2 yaktaurs (shapeshifter)
  10 demonic crawlers
  An efreet (D:13)
  A tengu conjurer (Depths:1)
  2 yaktaur skeletons (Vaults:4)
  24 jumping spiders
  17 merfolk
  A jumping spider (shapeshifter) (D:13)
  7 trolls
  A polar bear (Lair:4)
  6 hornets
  A harpy skeleton (D:15)
  2 wind drakes
  5 blink frogs
  A shadow dragon simulacrum (Depths:1)
  3 hippogriffs (shapeshifter)
  A tengu simulacrum (Vaults:3)
  6 dream sheep (Shoals:3)
  2 fire giant simulacra (Vaults:4)
  20 slime creatures
  5 snapping turtles
  56 redbacks
  6 hippogriffs
  A spriggan (shapeshifter) (Vaults:3)
  A shadow (D:14)
  An ettin skeleton (Vaults:4)
  2 stone giant simulacra
  A vampire (D:12)
  A redback (shapeshifter) (Depths:1)
  16 tarantellas
  A wyvern (D:9)
  A yak (shapeshifter) (Depths:2)
  A spriggan (D:7)
  5 air elementals
  2 wraiths
  2 ynoxinuls
  47 yaks
  2 ushabtiu (Zig:8)
  2 basilisks
  12 water elementals
  A fire elemental (Elf:2)
  A steam dragon (D:11)
  6 vampire mosquitoes
  5 hungry ghosts
  The ghost of Mesmaeker13 the Ducker, an amateur DrWz (Ossuary)
  A neqoxec (Orc:2)
  Menkaure (D:4)
  A yaktaur simulacrum (Depths:1)
  Grum (Lair:1)
  2 wargs
  A naga (Zig:5)
  An acid dragon (Vaults:1)
  10 water moccasins
  3 sky beasts
  A necrophage (D:9)
  6 porcupines
  An eye of draining (D:4)
  50 orc warriors
  3 ice beasts
  7 phantoms
  2 elephant zombies (Lair:3)
  11 wolves
  28 ogres
  5 boggarts (Depths:3)
  3 human skeletons
  14 centaurs
  13 crocodiles
  A crocodile (shapeshifter) (Depths:3)
  2 elf zombies (Ossuary)
  2 big kobolds
  14 bullfrogs
  A glowing shapeshifter simulacrum (Depths:1)
  4 earth elementals
  A wyvern skeleton (D:8)
  5 scorpions
  A troll zombie (D:10)
  3 wights (D:9)
  5 electric eels
  3 howler monkeys
  8 crimson imps
  A centaur zombie (Ossuary)
  A quasit (D:12)
  11 jellies
  38 orc priests
  A basilisk zombie (Lair:3)
  2 hounds
  26 orc wizards
  2 bullfrog skeletons
  A gnoll shaman (Orc:1)
  A human zombie (Ossuary)
  9 centaur skeletons
  7 iguanas
  Terence (D:2)
  10 worker ants
  A crocodile zombie (Lair:3)
  7 ogre zombies (D:10)
  A big kobold zombie (Ossuary)
  5 human simulacra
  A hound zombie (D:9)
  A hound skeleton (D:4)
  5 mummies
  3 worker ant zombies
  8 gnolls
  2 howler monkey skeletons
  12 adders
  A shadow imp (D:6)
  11 oozes (Lair:2)
  2 adder skeletons
  2 worms (D:2)
  2 dart slugs
  3 leopard geckos
  127 orcs
  3 giant cockroaches
  7 goblins
  7 hobgoblins
  7 jackals
  15 kobolds
  9 quokkas
  9 bats
  4 frilled lizards
  5 goblin zombies
  A hobgoblin skeleton (D:10)
  15 hobgoblin zombies
  2 jackal zombies (Ossuary)
  7 kobold zombies (Ossuary)
  3 orc skeletons (D:10)
  22 orc zombies
  9 rats
  3 rat zombies
  A fungus (Lair:2)
1636 creatures vanquished.

Vanquished Creatures (collateral kills)
  A spriggan (shapeshifter) (D:14)
  An ogre (D:14)
2 creatures vanquished.

Vanquished Creatures (others)
  A storm dragon (Depths:2)
  A vault warden (Vaults:4)
  A stone giant (Vaults:4)
  A deep elf annihilator (Vaults:2)
  A yaktaur captain (Vaults:2)
  A merfolk impaler (Shoals:4)
  A vault guard (Vaults:4)
  A hydra (Zig:4)
  A two-headed ogre (Vaults:2)
  3 deep trolls
  A sea snake (Shoals:1)
  A deep elf archer (Elf:2)
  A harpy (Shoals:2)
  An orb spider (Spider:3)
  5 wolf spiders
  A merfolk siren (Shoals:2)
  A spiny frog (Zig:4)
  2 yaktaurs
  A demonic crawler (Spider:3)
  A merfolk (Shoals:3)
  4 jumping spiders
  A hippogriff (D:10)
  4 redbacks
  A water elemental (Depths:3)
  A yak (D:12)
  A vampire mosquito (D:13)
  A porcupine (Lair:1)
  4 orc warriors
  A wolf (Lair:1)
  A centaur (Vaults:1)
  6 ogres
  A crocodile (Lair:2)
  A hound (D:11)
  An iguana (D:10)
  An orc wizard (Vaults:2)
  5 orcs
  4 fungi
  5 plants
70 creatures vanquished.

Grand Total: 1708 creatures vanquished

Notes
Turn   | Place    | Note
-------+----------+-------------------------------------------
     0 | D:1      | Zwobot the Vine Stalker Assassin began the quest for the Orb.
     0 | D:1      | Reached XP level 1. HP: 11/11 MP: 2/2
   296 | D:1      | Reached skill level 1 in Armour
   305 | D:1      | Reached XP level 2. HP: 15/15 MP: 1/3
   737 | D:2      | Reached XP level 3. HP: 18/18 MP: 4/4
  1345 | D:2      | Noticed Terence
  1471 | D:2      | Killed Terence
  1471 | D:2      | Gained mutation: Your natural rate of healing is unusually fast. [Vine Stalker growth]
  1471 | D:2      | Reached XP level 4. HP: 16/23 MP: 5/5
  1688 | D:4      | Noticed an orc warrior
  1703 | D:3      | Reached XP level 5. HP: 6/26 MP: 6/6
  2345 | D:3      | Learned a level 2 spell: Blink
  2568 | D:4      | Found a bloodstained altar of Trog.
  2578 | D:4      | Reached XP level 6. HP: 29/30 MP: 7/7
  2579 | D:4      | Noticed an eye of draining
  2607 | D:4      | Killed an eye of draining
  3060 | D:5      | Entered Level 5 of the Dungeon
  3186 | D:5      | Found a white marble altar of Elyvilon.
  3319 | D:5      | Found a radiant altar of Vehumet.
  3350 | D:4      | Noticed Menkaure
  3359 | D:4      | Killed Menkaure
  3359 | D:4      | Reached XP level 7. HP: 22/34 MP: 8/8
  3427 | D:4      | Found a sacrificial altar of Ru.
  3473 | D:4      | Became a worshipper of Ru the Awakened
  3514 | D:4      | Found Paron's Magic Scroll Shoppe.
  3522 | D:4      | Bought a scroll of teleportation for 39 gold pieces
  3522 | D:4      | Bought 2 scrolls of blinking for 195 gold pieces
  3522 | D:4      | Bought a scroll of identify for 26 gold pieces
  3523 | D:4      | Gained mutation: Your mind is acute. (Int +2) [potion of mutation]
  3523 | D:4      | Gained mutation: You are somewhat resistant to further mutation. [potion of mutation]
  3578 | D:4      | Reached skill level 5 in Armour
  4054 | D:6      | Lost mutation: You are somewhat resistant to further mutation. [potion of mutation]
  4054 | D:6      | Lost mutation: Your mind is acute. (Int +2) [potion of mutation]
  4054 | D:6      | Gained mutation: You are somewhat resistant to further mutation. [potion of mutation]
  4055 | D:6      | Lost mutation: You are somewhat resistant to further mutation. [potion of mutation]
  4055 | D:6      | Gained mutation: Your spells are a little easier to cast, but a little less powerful. [potion of mutation]
  4055 | D:6      | Gained mutation: Your movements are slightly less encumbered by armour. (ER -2) [potion of mutation]
  4131 | D:6      | Reached skill level 5 in Short Blades
  4131 | D:6      | Gained mutation: You have razor-sharp teeth. [Vine Stalker growth]
  4131 | D:6      | Reached XP level 8. HP: 11/39 MP: 6/9
  4970 | D:7      | Noticed a spriggan baker
  4998 | D:7      | Killed a spriggan baker
  5039 | D:7      | Reached XP level 9. HP: 21/46 MP: 7/10
  5165 | D:6      | Noticed a rust devil
  5165 | D:6      | Noticed a rust devil
  5333 | D:7      | Found a sand-covered staircase.
  5341 | Ossuary  | Entered an ossuary
  5401 | Ossuary  | Noticed Mesmaeker13's ghost (amateur DrWz)
  5414 | Ossuary  | Killed Mesmaeker13's ghost
  5581 | Ossuary  | Reached skill level 5 in Fighting
  6287 | D:7      | Gained mutation: You cannot read scrolls while threatened. [Ru sacrifice]
  6287 | D:7      | Reached * piety under Ru
  6291 | D:7      | Found a blossoming altar of Fedhas.
  6296 | D:7      | Found a basalt altar of Yredelemnul.
  6324 | D:7      | Found a staircase to the Ecumenical Temple.
  6333 | Temple   | Entered the Ecumenical Temple
  7115 | D:9      | Reached XP level 10. HP: 38/53 MP: 9/11
  7330 | D:9      | Found a white marble altar of Elyvilon.
  7330 | D:9      | Found a burning altar of Makhleb.
  7330 | D:9      | Found a glowing silver altar of Zin.
  7330 | D:9      | Found a deep blue altar of Sif Muna.
  7343 | D:9      | Found an opulent altar of Gozag.
  7347 | D:9      | Found a snail-covered altar of Cheibriados.
  7507 | D:9      | Noticed a two-headed ogre
  7534 | D:9      | Killed a two-headed ogre
  7784 | D:9      | Gained mutation: You are missing a hand. [Ru sacrifice]
  7784 | D:9      | Reached ** piety under Ru
  7784 | D:9      | Reached *** piety under Ru
  7784 | D:9      | Reached **** piety under Ru
  8257 | D:10     | Entered Level 10 of the Dungeon
  8272 | D:10     | Gained mutation: You are resistant to hostile enchantments. (MR+) [mutagenic meat]
  8275 | D:10     | Noticed a two-headed ogre
  8289 | D:10     | Killed a two-headed ogre
  8415 | D:10     | Found a staircase to the Orcish Mines.
  8461 | D:10     | Reached XP level 11. HP: 60/60 MP: 12/12
  8492 | D:10     | Killed an unseen horror
  9496 | D:10     | Gained mutation: You are missing an eye, making it more difficult to aim. [Ru sacrifice]
  9496 | D:10     | Reached ***** piety under Ru
  9936 | D:11     | Found a staircase to the Lair.
 10207 | D:11     | Noticed a deep elf mage
 10280 | D:11     | Killed a deep elf mage
 10403 | D:11     | Noticed a two-headed ogre
 10419 | D:11     | Noticed a cyclops
 10424 | D:11     | Killed a two-headed ogre
 10452 | D:11     | Killed a cyclops
 10452 | D:11     | Reached skill level 10 in Short Blades
 10767 | D:12     | Noticed a centaur warrior
 10790 | D:12     | Killed a centaur warrior
 10894 | D:12     | Noticed a cyclops
 10914 | D:12     | Killed a cyclops
 11030 | D:12     | Noticed a two-headed ogre
 11063 | D:12     | Killed a two-headed ogre
 11063 | D:12     | Reached skill level 5 in Throwing
 11063 | D:12     | Gained mutation: You heal very quickly. [Vine Stalker growth]
 11063 | D:12     | Reached XP level 12. HP: 63/66 MP: 13/13
 11659 | D:12     | Gained mutation: You are dopey. (Int -2) [Ru sacrifice]
 11827 | D:13     | Found Sorul's Book Boutique.
 11879 | D:13     | Found Pijexed's Magic Scroll Boutique.
 11972 | D:13     | Noticed an eight-headed hydra
 11988 | D:13     | Killed an eight-headed hydra
 12095 | D:13     | Found Gugeal's Jewellery Emporium.
 12662 | D:14     | Reached skill level 10 in Armour
 12727 | D:14     | Reached skill level 10 in Fighting
 13124 | D:14     | Gained mutation: You are hated by all. [Ru sacrifice]
 13124 | D:14     | Reached ****** piety under Ru
 13459 | D:14     | Found a gate to the Vaults.
 13459 | D:14     | Noticed a vault guard
 13494 | D:14     | Killed a vault guard
 13621 | D:13     | Reached XP level 13. HP: 68/72 MP: 14/14
 13656 | D:15     | Entered Level 15 of the Dungeon
 14514 | D:15     | Found a staircase to the Depths.
 14822 | Lair:1   | Entered Level 1 of the Lair of Beasts
 14830 | Lair:1   | Noticed Grum
 14849 | Lair:1   | Killed Grum
 15221 | Lair:1   | Noticed Harold
 15268 | Lair:1   | Killed Harold
 15268 | Lair:1   | Reached XP level 14. HP: 58/81 MP: 15/15
 15355 | Lair:1   | Noticed Gastronok
 15384 | Lair:1   | Killed Gastronok
 16175 | Lair:2   | Noticed Nergalle
 16189 | Lair:2   | Killed Nergalle
 16228 | Lair:2   | Found a hole to the Spider Nest.
 17310 | Lair:3   | Noticed Urug
 17324 | Lair:3   | Killed Urug
 17480 | Lair:3   | Found a shadowy altar of Dithmenos.
 17977 | Lair:4   | Found a staircase to the Shoals.
 18985 | Lair:5   | Identified the Tome of Shifting Flames
 18991 | Lair:5   | Learned a level 2 spell: Passwall
 19643 | Orc:1    | Entered Level 1 of the Orcish Mines
 19877 | Orc:2    | Entered Level 2 of the Orcish Mines
 20043 | Orc:2    | Found a staircase to the Elven Halls.
 20088 | Orc:2    | Found Poujouh's Magic Scroll Boutique.
 20090 | Orc:2    | Found Catir's Distillery.
 20096 | Orc:2    | Reached skill level 1 in Dodging
 20096 | Orc:2    | Reached XP level 15. HP: 59/87 MP: 13/16
 20709 | Orc:2    | Found Worph's Book Emporium.
 20709 | Orc:2    | Found Figad's Antique Weapon Shoppe.
 20709 | Orc:2    | Found a one-way gate leading to the halls of Pandemonium.
 20788 | Orc:2    | Bought a scroll of brand weapon for 220 gold pieces
 20788 | Orc:2    | Bought a scroll of teleportation for 33 gold pieces
 20788 | Orc:2    | Bought a scroll of teleportation for 33 gold pieces
 20788 | Orc:2    | Bought a scroll of teleportation for 33 gold pieces
 21283 | Orc:1    | Found Zeukk's Gadget Shop.
 21574 | Elf:1    | Entered Level 1 of the Elven Halls
 21574 | Elf:1    | Noticed Louise
 21615 | Elf:1    | Killed Louise
 22010 | Elf:1    | Noticed Asterion
 22028 | Elf:1    | Killed Asterion
 22237 | Elf:1    | Found Zawiubis's Magic Scroll Boutique.
 22457 | Elf:2    | Found a portal to a secret trove of treasure.
 22477 | Elf:1    | Reached skill level 5 in Dodging
 22749 | Elf:2    | Reached XP level 16. HP: 93/93 MP: 17/17
 22848 | Elf:2    | Reached skill level 15 in Fighting
 23077 | Elf:2    | Found Mypamm's Gadget Shoppe.
 23152 | Elf:2    | Found a runed gate.
 23153 | Elf:2    | Found a runed gate.
 23154 | Elf:2    | Found a runed gate.
 23661 | Spider:1 | Entered Level 1 of the Spider Nest
 24043 | Spider:1 | Learned a level 1 spell: Apportation
 24047 | Spider:1 | Learned a level 3 spell: Lesser Beckoning
 24500 | Spider:2 | Reached skill level 1 in Evocations
 24546 | Spider:2 | Got a brightly glowing long sword
 24547 | Spider:2 | Identified the cursed +1 long sword of the Badger {vamp, -Tele Str+2 Dex+4} (You found it on level 2 of the Spider Nest)
 25379 | Spider:2 | Reached skill level 5 in Evocations
 26431 | Spider:4 | Entered Level 4 of the Spider Nest
 26473 | Spider:4 | Reached XP level 17. HP: 91/99 MP: 23/23
 26484 | Spider:4 | Noticed Aizul
 26508 | Spider:3 | Killed Aizul
 26538 | Spider:4 | Reached skill level 15 in Armour
 26574 | Spider:4 | Noticed Arachne
 26627 | Spider:3 | Killed Arachne
 27552 | Spider:4 | Noticed Mara
 27706 | Spider:4 | Killed Mara
 27827 | Spider:4 | Reached skill level 1 in Long Blades
 28160 | Spider:4 | Got a gossamer rune of Zot
 28346 | D:13     | Bought a book of Necromancy for 360 gold pieces
 28350 | D:13     | Learned a level 3 spell: Regeneration
 28354 | D:13     | Learned a level 3 spell: Vampiric Draining
 28472 | Shoals:1 | Entered Level 1 of the Shoals
 28552 | Shoals:1 | Reached skill level 1 in Necromancy
 28601 | Shoals:1 | Found Nyisaree's Food Emporium.
 28625 | Shoals:1 | Reached skill level 1 in Spellcasting
 28992 | Shoals:2 | Reached skill level 5 in Long Blades
 29145 | Shoals:2 | Reached XP level 18. HP: 105/105 MP: 24/24
 29389 | Shoals:2 | Found Nimocwa's Book Shoppe.
 29806 | Shoals:3 | Reached skill level 5 in Necromancy
 30680 | Shoals:4 | Entered Level 4 of the Shoals
 30682 | Shoals:4 | Noticed Nikola
 30716 | Shoals:4 | Killed Nikola
 31502 | Shoals:4 | Got a barnacled rune of Zot
 31752 | D:13     | Bought a scroll of enchant weapon for 105 gold pieces
 31752 | D:13     | Bought a scroll of enchant weapon for 105 gold pieces
 31940 | D:4      | Bought a scroll of enchant weapon for 97 gold pieces
 31940 | D:4      | Bought a scroll of enchant armour for 97 gold pieces
 32204 | Vaults:1 | Entered Level 1 of the Vaults
 32577 | Vaults:1 | Reached skill level 5 in Spellcasting
 32875 | Vaults:1 | Found Viuskas's Armour Emporium.
 32890 | Vaults:1 | Bought a +2 pair of boots of stealth for 344 gold pieces
 33378 | Vaults:1 | Reached XP level 19. HP: 109/109 MP: 27/27
 33424 | Vaults:1 | Found Bevvak's Antique Armour Shop.
 33840 | Vaults:2 | Reached skill level 10 in Long Blades
 35028 | Vaults:2 | Reached skill level 10 in Necromancy
 35755 | Vaults:3 | Found Sapyatt's Jewellery Shoppe.
 35763 | Vaults:3 | Bought the ring of the Monkey {rCorr +Inv rPois rN+} for 678 gold pieces
 35788 | Vaults:3 | Found Athroar's Antique Armour Shop.
 35852 | Vaults:3 | Found a staircase to the Crypt.
 35915 | Vaults:3 | Found Nudwog's Weapon Emporium.
 36019 | Vaults:3 | Reached XP level 20. HP: 94/114 MP: 26/28
 36535 | Vaults:3 | Found Mafaonacw's Magic Scroll Shop.
 36536 | Vaults:3 | Found Yneumm's Food Emporium.
 36543 | Vaults:3 | Bought a scroll of enchant weapon for 135 gold pieces
 36543 | Vaults:3 | Bought a scroll of enchant armour for 135 gold pieces
 36543 | Vaults:3 | Bought a scroll of enchant armour for 135 gold pieces
 36561 | Vaults:3 | Learned a level 8 spell: Controlled Blink
 36754 | Vaults:4 | Identified a scroll of acquirement
 37974 | Vaults:4 | Identified the +0 scale mail of Hulagal {rN+ rCorr} (You found it on level 4 of the Vaults)
 38377 | Vaults:4 | Reached skill level 15 in Long Blades
 38595 | Depths:1 | Entered Level 1 of the Depths
 38774 | Depths:1 | Found a gateway to Hell.
 38781 | Depths:1 | Reached XP level 21. HP: 110/119 MP: 26/29
 38903 | Depths:1 | Found Wisim's Specialty Armours.
 38918 | Depths:1 | Reached skill level 1 in Charms
 39214 | Depths:1 | Gained mutation: You are robust. (+10% HP) [mutagenic meat]
 39548 | Depths:1 | Found a one-way gate to the infinite horrors of the Abyss.
 39950 | Depths:2 | Reached skill level 5 in Charms
 40305 | Depths:2 | Noticed a juggernaut
 40332 | Depths:2 | Killed a juggernaut
 40802 | Depths:2 | Noticed a juggernaut
 40828 | Depths:2 | Killed a juggernaut
 40941 | Depths:2 | Reached XP level 22. HP: 116/136 MP: 26/30
 40945 | Depths:2 | Noticed a juggernaut
 40965 | Depths:2 | Killed a juggernaut
 40983 | Depths:2 | Noticed a juggernaut
 41034 | Depths:2 | Killed a juggernaut
 41034 | Depths:2 | Reached skill level 1 in Translocations
 41100 | Depths:2 | Identified the cursed +0 shadow dragon scales of Beyond {MR+ rCorr Int+3 Stlth++++} (You found it on level 2 of the Depths)
 41108 | Depths:2 | Identified the amulet of Dane {Harm *Drain Int+8} (You found it on level 2 of the Depths)
 41435 | Depths:3 | Found a runed door.
 41438 | Depths:3 | Found a runed door.
 41600 | Depths:3 | Found a burning altar of Makhleb.
 41760 | Depths:3 | Learned a level 4 spell: Passage of Golubria
 41992 | Depths:3 | Found a gateway to a ziggurat.
 42181 | Zig:1    | Entered Level 1 of a ziggurat
 42182 | Zig:1    | Noticed Faitaf the pandemonium lord
 42255 | Zig:1    | Killed Faitaf the pandemonium lord
 42407 | Zig:2    | Entered Level 2 of a ziggurat
 42440 | Zig:2    | Got a bloodstained short sword
 42442 | Zig:2    | Identified the +9 short sword of Jibuasi {venom, *Contam rN+ Stlth+} (You found it on level 2 of a ziggurat)
 42448 | Zig:3    | Entered Level 3 of a ziggurat
 42483 | Zig:3    | Identified Sif Muna's Handbook of Cold
 42500 | Zig:4    | Entered Level 4 of a ziggurat
 42571 | Zig:5    | Entered Level 5 of a ziggurat
 42631 | Zig:5    | Identified the +4 ring mail "Ynoga" {-Cast rPois Int+3} (You found it on level 5 of a ziggurat)
 42633 | Zig:5    | Identified the +5 ring mail "Usmoafu" {rElec rN+ MR+++ MP-9} (You found it on level 5 of a ziggurat)
 42636 | Zig:6    | Entered Level 6 of a ziggurat
 42645 | Zig:6    | Noticed an ancient lich
 42671 | Zig:6    | HP: 3/137 [jiangshi[a curse skull] (5)]
 42676 | Zig:6    | HP: 6/137 [ancient lich (1)]
 42697 | Zig:6    | Killed an ancient lich
 42827 | Zig:7    | Entered Level 7 of a ziggurat
 42877 | Zig:7    | Reached skill level 5 in Translocations
 42919 | Zig:7    | Identified the ring "Ukkutats" {*Corrode rPois rN+++ EV+5} (You found it on level 7 of a ziggurat)
 42934 | Zig:8    | Entered Level 8 of a ziggurat
 42940 | Zig:8    | Noticed a greater mummy
 42948 | Zig:8    | Noticed a greater mummy
 42948 | Zig:8    | Noticed a greater mummy
 42948 | Zig:8    | Noticed a greater mummy
 42953 | Zig:8    | Killed a greater mummy
 42967 | Zig:8    | HP: 6/137 [death scarab[a greater mummy] (6)]
 42968 | Zig:8    | Mangled by a death scarab

Skill      XL: |  1  2  3  4  5  6  7  8  9 10 11 12 13 14 15 16 17 18 19 20 21 22 |
---------------+-------------------------------------------------------------------+-----
Armour         | 1 2 3 4 5 6 7 8 9 10 12 13 14 15 16 | 16.5
Short Blades   | 2 3 4 5 6 7 8 10 | 10.0
Fighting       | 2 4 6 7 9 10 12 13 14 15 16 | 16.4
Throwing       | 5 7 |  7.0
Dodging        | 1 5 6 8 9 |  9.1
Evocations     | 7 |  7.1
Long Blades    | 5 9 12 15 | 15.2
Necromancy     | 3 8 10 12 13 14 | 14.6
Spellcasting   | 2 5 7 |  7.3
Charms         | 7 |  7.1
Translocations | 5 |  5.6
Stealth        | |  4.8

Action                   |  1- 3 |  4- 6 |  7- 9 | 10-12 | 13-15 | 16-18 | 19-21 | 22-24 || total
-------------------------+-------+-------+-------+-------+-------+-------+-------+-------++-------
Melee: Dagger            |   134 |   209 |   621 |  1470 |  2086 |  1707 |     6 |   205 ||  6438
       Bite              |    36 |    67 |   245 |   560 |   764 |  1076 |   980 |   310 ||  4038
       Rapier            |       |       |       |       |    58 |   112 |       |       ||   170
       Demon blade       |       |       |       |       |       |   671 |  1685 |   337 ||  2693
       Falchion          |       |       |       |       |       |       |   172 |    95 ||   267
 Fire: Blowgun           |     1 |     9 |    10 |    20 |       |    58 |       |       ||    98
Throw: Tomahawk          |       |       |       |     5 |     2 |     3 |       |       ||    10
       Stone             |       |       |       |     1 |       |       |       |       ||     1
       Javelin           |       |       |       |       |       |     6 |    15 |     7 ||    28
       Throwing net      |       |       |       |       |       |     3 |       |       ||     3
Invok: Sacrifice Words   |       |       |     1 |       |       |       |       |       ||     1
       Sacrifice a Hand  |       |       |       |     1 |       |       |       |       ||     1
       Sacrifice an Eye  |       |       |       |     1 |       |       |       |       ||     1
       Draw Out Power    |       |       |       |     2 |     4 |     8 |     6 |       ||    20
       Sacrifice Purity  |       |       |       |     1 |       |       |       |       ||     1
       Sacrifice Love    |       |       |       |     1 |       |       |       |       ||     1
       Apocalypse        |       |       |       |       |     4 |     5 |     4 |     4 ||    17
Evoke: Wand              |       |       |       |     3 |     1 |    16 |     2 |     2 ||    24
  Use: Scroll            |     1 |     9 |     7 |    14 |    12 |    11 |     6 |     9 ||    69
       Potion            |     1 |       |     6 |       |     1 |     3 |       |    10 ||    21
 Stab: Distracted        |       |       |     1 |     3 |    12 |    11 |     7 |     5 ||    39
       Confused          |       |       |       |     2 |       |       |       |       ||     2
       Invisible         |       |       |       |     6 |    23 |    36 |    21 |     9 ||    95
       Paralysed         |       |       |       |       |    10 |    20 |    16 |     5 ||    51
       Petrified         |       |       |       |       |     3 |       |       |       ||     3
       Held in net/web   |       |       |       |       |       |     2 |       |       ||     2
  Eat: Chunk             |     1 |     4 |    11 |    28 |    17 |    23 |    23 |     4 ||   111
       Royal jelly       |       |     1 |     1 |     1 |     5 |     1 |     2 |       ||    11
       Fruit             |       |     1 |       |     2 |       |     8 |     1 |     2 ||    14
       Bread ration      |       |       |       |       |     1 |     1 |       |       ||     2
       Meat ration       |       |       |       |       |       |       |       |     1 ||     1
Armor: Plate armour      |   111 |   102 |   329 |   404 |       |       |       |       ||   946
       Gold dragon scale |       |       |       |   167 |   807 |  1520 |   684 |   361 ||  3539
Dodge: Dodged            |    35 |    29 |   156 |   284 |   568 |  1369 |   514 |   244 ||  3199
       Rpst.: Demon blade |       |       |       |       |       |    92 |    90 |    19 ||   201
       Falchion          |       |       |       |       |       |       |    12 |     8 ||    20
